 Dungeon Crawl Stone Soup version 0.31-a0-366-ga77b45bd9b (webtiles) character file.

Game seed: 3218870662073014393

7 M4edhros the Charlatan (level 2, -4/18 HPs)
             Began as an Octopode Artificer on July 28, 2023.
             Slain by a worm (7 damage)
             ... on level 1 of the Dungeon.
             The game lasted 00:00:16 (144 turns).

M4edhros the Charlatan (Octopode Artificer)          Turns: 144, Time: 00:00:17

Health: -4/18      AC:  1    Str: 11    XL:     2   Next: 4%
Magic:  2/2        EV: 13    Int: 13    God:
Gold:   10         SH:  0    Dex: 12    Spells: 1/1 levels left

rFire   . .          .
                       - Unarmed
rCold   . . .        (no shield)
rNeg    . . .        (helmet restricted)
rPois   .            (no amulet)
rElec   .            (no ring)
rCorr   .            (no ring)
SInv    .            (no ring)
Will    .....        (no ring)
Stlth   +++          (no ring)
HPRegen 0.23/turn    (no ring)
MPRegen 0.08/turn    (no ring)
                     (no ring)

%: no passive effects
@: no status effects
A: almost no armour, amphibious, 8 rings, camouflage 1, gelatinous body 1,
(nimble swimmer 1), tentacles
a: no special abilities


You were on level 1 of the Dungeon.
You visited 1 branch of the dungeon, and saw 1 of its levels.

You collected 10 gold pieces.

Inventory:

Wands
 b - a wand of flame (15) (quivered)
 c - a wand of charming (15)
 d - a wand of iceblast (5)
Scrolls
 a - a scroll of identify {unknown}
Potions
 e - a potion of magic {unknown}


   Skills:
 - Level 1.0 Fighting
 - Level 2.3 Dodging
 - Level 1.3 Stealth
 + Level 1.6 Unarmed Combat
 - Level 3.2 Evocations


You had one spell level left.
You didn't know any spells.
Your spell library was empty.

Dungeon Overview and Level Annotations

Branches:
Dungeon (1/15)

Altars:


Innate Abilities, Weirdness & Mutations

You cannot wear most types of armour.
You are amphibious.
You can wear up to eight rings at the same time.
Your skin changes colour to match your surroundings (Stealth+).
Your rubbery body absorbs attacks. (AC +1, EV +1)
((You are camouflaged when in or above water. (Stealth+)))
You have tentacles for arms and can constrict up to eight enemies at once.


Message History

Found a dark potion and 10 gold pieces.
There are monsters nearby!
There are monsters nearby!
The helpless quokka fails to defend itself.
You tentacle-slap the quokka. Your grab misses the quokka.
The quokka is lightly wounded.
The quokka misses you. The ball python closely misses you.
The ball python barely misses you.
You tentacle-slap the quokka but do no damage.
You grab the quokka.
The quokka is lightly wounded.
You constrict the quokka. The quokka closely misses you.
The ball python barely misses you. The ball python grabs you.
The ball python constricts you.
You barely miss the ball python. You grab the ball python.
You constrict the ball python. You constrict the quokka.
The quokka closely misses you. The ball python bites you.
The ball python constricts you.
You tentacle-slap the ball python.
You kill the ball python!
You constrict the quokka. The quokka misses you.
You release your grip on the quokka.
The quokka misses you. The quokka bites you.
You see here a ball python corpse.
You closely miss the quokka. Your grab misses the quokka.
Your squeeze misses the quokka.
The quokka is severely wounded.
The quokka barely misses you. The quokka bites you. The worm bites you!
* * * LOW HITPOINT WARNING * * *
You are too injured to fight recklessly!
The quokka attacks as you move away!
The quokka bites you but does no damage.
There is a shaft here.
You are too injured to fight recklessly!
You are too injured to fight recklessly!
You tentacle-slap the quokka. You grab the quokka. You squeeze the quokka.
You kill the quokka!
The worm bites you!
You die...

#................#
##..#......(.....#
##..#############
##.....##
##.......##
#^........#
##..>.†....##
#....^..!...#
$.#....@w^..#..
.##^....^...###
##^......##
##.....## ##..###
####


You could see a worm.

Vanquished Creatures
  An endoplasm (D:1)
  A giant cockroach (D:1)
  A jackal (D:1)
  A quokka (D:1)
  3 ball pythons (D:1)
  A bat (D:1)
8 creatures vanquished.

Notes
Turn   | Place    | Note
-------+----------+-------------------------------------------
     0 | D:1      | M4edhros the Octopode Artificer began the quest for the
                  | Orb.
     0 | D:1      | Reached XP level 1. HP: 13/13 MP: 1/1
    78 | D:1      | Reached skill level 1 in Unarmed Combat
   125 | D:1      | Reached XP level 2. HP: 17/18 MP: 2/2
   144 | D:1      | Slain by a worm

Illustrated notes

Levels and vault maps discovered:
D:1:      dpeg_arrival_arbitrary_a, layout_basic, serial_aquarium,
          aquarium_bridge_square [aquarium_subvault_bridge,
          aquarium_subvault_wall, aquarium_subvault_window,
          aquarium_subvault_wall], aquarium_bridge_long_separate
          [aquarium_subvault_window, aquarium_subvault_bridge,
          aquarium_subvault_wall, aquarium_subvault_window,
          aquarium_subvault_window, aquarium_subvault_bridge],
          aquarium_window_1, aquarium_window_fake, aquarium_window_corridor_1,
          aquarium_window_1, aquarium_view_2a, aquarium_view_2a,
          aquarium_balcony_double_4, nicolae_wormholes

Skill      XL: |  1 |
---------------+----+-----
Unarmed Combat | 1 |  1.6
Fighting       | |  1.0
Dodging        | |  2.3
Stealth        | |  1.3
Evocations     | |  3.2

Action                     || total
---------------------------++-------
  Melee: Unarmed           ||    23
         Constrict         ||     7
         Tentacles         ||     4
   Stab: Sleeping          ||     3
 Armour: Skin              ||     3
  Dodge: Dodged            ||    24

Table legend: (Time is in decaauts)
 A = Elapsed time spent in this place.
 B = Non-inter-level travel time spent in this place.
 C = Inter-level travel time spent in this place.
 D = Time resting spent in this place.
 E = Time spent auto-exploring this place.
 F = Levels seen in this place.
 G = Mean time per level.
                   A        B        C        D        E       F      G
               +--------+--------+--------+--------+--------+-----+--------+
         Total |    144 |    144 |      0 |      0 |     79 |   1 |  144.0 |
       Dungeon |    144 |    144 |      0 |      0 |     79 |   1 |  144.0 |
               +--------+--------+--------+--------+--------+-----+--------+

Top non-repeatable levels by time:
     D:1: 144 daAuts
